 Dungeon Crawl Stone Soup version 0.31-a0-152-g6aa68a64a1 (webtiles) character file.

Game seed: 8878696504653457254

8820 qw the Skirmisher (level 11, -6/103 HPs)
             Began as a Naga Hunter on June 10, 2023.
             Was a Priest of Okawaru.
             Mangled by a yak (7 damage)
             ... on level 10 of the Dungeon.
             The game lasted 00:03:35 (8994 turns).

qw the Skirmisher (Naga Hunter)                     Turns: 8994, Time: 00:03:36

Health: -6/103     AC: 19    Str: 14    XL:     11   Next: 36%
Magic:  13/14      EV: 16    Int: 10    God:    Okawaru [***...]
Gold:   641        SH:  0    Dex: 24    Spells: 10/10 levels left

rFire   . . .        Y - +1 orcbow
rCold   + + .        (shield currently unavailable)
rNeg    . . .        l - +2 leather armour {rC+}
rPois   +            (no helmet)
rElec   .            k - +2 cloak
rCorr   .            h - +1 pair of gloves
SInv    +            f - +0 barding
Will    +....        (no amulet)
Stlth   ++++         b - ring of protection from cold
HPRegen 0.37/turn    g - +6 ring of dexterity
MPRegen 0.14/turn

%: no passive effects
@: about to teleport, heroic, very slow
A: AC +3, large, see invisible, deformed body, poison resistance, slowness 2,
spit poison 1, naga tail 1
a: Spit Poison, Renounce Religion, Heroism


You were on level 10 of the Dungeon.
You worshipped Okawaru.
Okawaru was most pleased with you.
You visited 2 branches of the dungeon, and saw 11 of its levels.

You collected 641 gold pieces.


Innate Abilities, Weirdness & Mutations

Your serpentine skin is tough. (AC +3)
You have supernaturally acute eyesight. (SInv)
Armour fits poorly on your strangely shaped body.
Your system is resistant to poisons. (rPois)
You cover ground very slowly.
You can spit poison.
You have a snake-like lower body.


   Skills:
 - Level 8.0(13.0) Fighting
 + Level 12.4(17.4) Ranged Weapons
 - Level 3.0(8.0) Armour
 - Level 5.8(10.8) Dodging
 - Level 1.5(6.5) Stealth
 - Level 4.0 Invocations


You had 10 spell levels left.
You didn't know any spells.
Your spell library was empty.

Inventory:

Hand Weapons
 Y - a +1 orcbow (weapon)
Armour
 a - the +2 ring mail of the Moon {rElec}
   (You found it on level 9 of the Dungeon)

   rElec:     It insulates you from electricity.
 c - a +0 troll leather armour
 f - a +0 barding (worn)
 h - a +1 pair of gloves (worn)
 k - a +2 cloak (worn)
 l - a +2 leather armour of cold resistance (worn)
Jewellery
 b - a ring of protection from cold (left hand)
 g - a +6 ring of dexterity (right hand)
 o - a ring of protection from fire
Scrolls
 e - 2 scrolls of identify
 n - 3 scrolls of teleportation
Potions
 d - 3 potions of curing
 i - 3 potions of haste
 j - a potion of mutation
 m - a potion of might {unknown}

Dungeon Overview and Level Annotations

Branches:
Dungeon (10/15)            Temple (1/1) D:6            Lair (0/5) D:10
    Orc: D:9-12

Altars:
Ashenzari
Cheibriados
Dithmenos
Elyvilon
Fedhas
Gozag
Hepliaklqana
Kikubaaqudgha
Makhleb
Nemelex Xobeh
Okawaru
Qazlal
Ru
Sif Muna
Trog
Uskayaw
Vehumet
Wu Jian
Xom
Yredelemnul
Zin
The Shining One

Shops:
D:8 :

Annotations:
D:3 1 runed translucent door, Crazy Yiuf
D:4 3 runed translucent doors, qw's ghost, amateur GrHu; qw's ghost, amateur MiHu; qw's ghost, amateur NaHu
D:8 4 transporters, qw's ghost, novice MiHu


Message History

The yak misses you. The yak closely misses you.
The yak gores you but does no damage.
You shoot an arrow. The arrow barely misses the yak.
You shoot an arrow. The arrow barely misses the yak.
The yak misses you. The yak closely misses you.
The yak gores you but does no damage. The yak gores you!
The yak gores you but does no damage. The yak gores you.
The yak gores you but does no damage.
You shoot an arrow. The arrow hits the yak!
The yak is almost dead.
You have got your breath back.
The yak gores you but does no damage. x2; The yak misses you. x2
The yak gores you but does no damage. The yak misses you.
The yak gores you but does no damage.
8990 ||| INVOKING Spit Poison.
Aiming: Spit Poison (1% risk of failure)
Press: ? - help, Shift-Dir - straight line, f/p - yak The splash of poison hits the yak!
The yak is poisoned.
You kill the yak!
Okawaru accepts your kill. The yak misses you. The yak gores you!
The yak gores you but does no damage. x2
The yak misses you. The yak completely misses you.
8991 ||| READING 4 scrolls of teleportation.
As you read the scroll of teleportation, it crumbles to dust.
You feel strangely unstable. The yak gores you but does no damage.
The yak closely misses you. The yak gores you.
The yak gores you but does no damage. The yak misses you.
The yak barely misses you. x2
You shoot an arrow.
The arrow hits the yak but does no damage.
You shoot an arrow. The arrow hits the yak!
The yak is moderately wounded.
The yak barely misses you. x2; The yak gores you.
The yak barely misses you. The yak gores you but does no damage.
The yak gores you. The yak gores you but does no damage.
You shoot an arrow. The arrow hits the yak!
The yak is heavily wounded.
You have got your breath back.
The yak gores you! x2
You die...

............
#.............#.P.....#.
#.............#....P..#.
#.............##.....##.
#........ ....###...###.
......... #......#.##.##
........###....###.....#
.[....YY##..........##..
......Y@Y..............#
......YYY............###
..................#...##
>.................#....#
..............##......##
.....................##
..#..............#####
#.................
.........##...


You could see 7 yaks.

Vanquished Creatures
  2 two-headed ogres
  An elephant (D:10)
  A gargoyle (D:8)
  3 trolls
  A hornet (D:10)
  Grinder (D:6)
  Prince Ribbit (D:8)
  Sigmund (D:3)
  8 yaks
  2 shadows
  A steam dragon (D:9)
  2 wyverns
  2 basilisks (D:10)
  2 water moccasins (D:7)
  An orc warrior (D:7)
  A sky beast (D:6)
  3 black bears
  2 ogres
  6 centaurs
  A phantom (D:5)
  3 kobold brigands
  2 bullfrogs
  2 scorpions (D:6)
  14 wights
  3 howler monkeys (D:9)
  A crimson imp (D:3)
  4 hounds
  2 jellies (D:8)
  5 orc priests
  A sleepcap (D:7)
  4 iguanas
  Ijyb (D:3)
  6 orc wizards
  8 adders
  2 shadow imps (D:7)
  A white imp (D:7)
  2 ufetubi (D:4)
  3 dart slugs
  28 orcs
  8 endoplasms
  10 goblins
  7 hobgoblins
  3 jackals (D:1)
  17 kobolds
  A quokka (D:1)
  7 ball pythons
  4 bats
  3 frilled lizards
  5 rats
199 creatures vanquished.

Notes
Turn   | Place    | Note
-------+----------+-------------------------------------------
     0 | D:1      | qw the Naga Hunter began the quest for the Orb.
     0 | D:1      | Reached XP level 1. HP: 19/19 MP: 1/1
     0 | D:1      | 0 ||| qw: Version: 0.2-a-122-gbc61b45
     0 | D:1      | 0 ||| qw: Game counter: 3608
     0 | D:1      | 0 ||| qw: Always use a shield: true
     0 | D:1      | 0 ||| qw: God list: Okawaru
     0 | D:1      | 0 ||| qw: Allow faded altars: false
     0 | D:1      | 0 ||| qw: Do Orc after D:15 true
     0 | D:1      | 0 ||| qw: Do second Lair branch before Depths: true
     0 | D:1      | 0 ||| qw: Lair rune preference: random
     0 | D:1      | 0 ||| qw: Plans: Normal
     0 | D:1      | 0 ||| PLANNING D:1-11
     8 | D:1      | 8 ||| INVOKING Spit Poison.
     9 | D:1      | 9 ||| INVOKING Spit Poison.
    50 | D:1      | 50 ||| INVOKING Spit Poison.
    83 | D:1      | 83 ||| INVOKING Spit Poison.
   113 | D:1      | 113 ||| INVOKING Spit Poison.
   143 | D:1      | Reached skill level 4 in Ranged Weapons
   143 | D:1      | Reached XP level 2. HP: 26/26 MP: 2/2
   160 | D:1      | 160 ||| INVOKING Spit Poison.
   172 | D:1      | 172 ||| INVOKING Spit Poison.
   176 | D:1      | 176 ||| INVOKING Spit Poison.
   196 | D:1      | 196 ||| INVOKING Spit Poison.
   205 | D:1      | 205 ||| INVOKING Spit Poison.
   210 | D:1      | 210 ||| INVOKING Spit Poison.
   216 | D:1      | 216 ||| INVOKING Spit Poison.
   222 | D:1      | HP: 5/26 [frozen (3)]
   235 | D:1      | 235 ||| INVOKING Spit Poison.
   398 | D:1      | 398 ||| INVOKING Spit Poison.
   418 | D:1      | Reached XP level 3. HP: 32/32 MP: 3/3
   424 | D:1      | 424 ||| INVOKING Spit Poison.
   817 | D:1      | 817 ||| UPGRADING to +0 pair of gloves.
   822 | D:1      | 822 ||| READING scroll labelled NELESU ZAOSU.
   823 | D:1      | 823 ||| READING scroll labelled UGESAL YPPYA.
   824 | D:1      | 824 ||| READING scroll labelled LYMUAC ZEIFF.
   825 | D:1      | 825 ||| DRINKING 3 silvery potions.
   826 | D:1      | 826 ||| DROPPING scroll of butterflies.
   890 | D:2      | 890 ||| INVOKING Spit Poison.
   895 | D:2      | 895 ||| INVOKING Spit Poison.
   898 | D:2      | 898 ||| INVOKING Spit Poison.
   903 | D:2      | 903 ||| INVOKING Spit Poison.
   916 | D:2      | 916 ||| INVOKING Spit Poison.
   957 | D:2      | Found a faded altar of an unknown god.
   958 | D:2      | 958 ||| INVOKING Spit Poison.
   961 | D:2      | 961 ||| INVOKING Spit Poison.
  1132 | D:2      | 1132 ||| INVOKING Spit Poison.
  1144 | D:2      | 1144 ||| INVOKING Spit Poison.
  1183 | D:2      | 1183 ||| INVOKING Spit Poison.
  1241 | D:2      | 1241 ||| INVOKING Spit Poison.
  1244 | D:2      | Reached skill level 5 in Ranged Weapons
  1244 | D:2      | Reached XP level 4. HP: 39/39 MP: 4/4
  1258 | D:2      | 1258 ||| INVOKING Spit Poison.
  1307 | D:2      | 1307 ||| INVOKING Spit Poison.
  1568 | D:2      | 1568 ||| UPGRADING to amulet of guardian spirit.
  1573 | D:2      | 1573 ||| READING scroll labelled TUXAZO REIGOK.
  1578 | D:2      | 1578 ||| READING scroll labelled SITSEX BONG.
  1579 | D:2      | 1579 ||| READING scroll labelled UPSIBR UHIU.
  1580 | D:2      | 1580 ||| READING 2 scrolls labelled ONIYFOV LAGALE.
  1581 | D:2      | 1581 ||| DROPPING scroll of blinking.
  1614 | D:3      | 1614 ||| INVOKING Spit Poison.
  1617 | D:3      | 1617 ||| INVOKING Spit Poison.
  1722 | D:3      | Noticed Sigmund
  1725 | D:3      | 1725 ||| INVOKING Spit Poison.
  1728 | D:3      | Killed Sigmund
  1729 | D:3      | Reached XP level 5. HP: 40/51 MP: 3/5
  1729 | D:3      | Reached XP level 6. HP: 46/58 MP: 3/6
  1788 | D:3      | Noticed Ijyb
  1791 | D:3      | Killed Ijyb
  1923 | D:3      | Found an opulent altar of Gozag.
  1990 | D:3      | 1990 ||| INVOKING Spit Poison.
  2132 | D:3      | Found a burning altar of Makhleb.
  2132 | D:3      | Found a shimmering altar of Xom.
  2263 | D:3      | 2263 ||| INVOKING Spit Poison.
  2295 | D:3      | 2295 ||| INVOKING Spit Poison.
  2300 | D:3      | 2300 ||| INVOKING Spit Poison.
  2327 | D:3      | 2327 ||| INVOKING Spit Poison.
  2328 | D:3      | 2328 ||| INVOKING Spit Poison.
  2409 | D:3      | 2409 ||| INVOKING Spit Poison.
  2452 | D:3      | 2452 ||| INVOKING Spit Poison.
  2550 | D:3      | Found a runed translucent door.
  2551 | D:3      | Noticed Crazy Yiuf
  2799 | D:3      | 2799 ||| UPGRADING to +0 barding.
  2804 | D:3      | 2804 ||| UPGRADING to ring of protection from cold.
  2805 | D:3      | 2805 ||| DRINKING 2 lumpy purple potions.
  2806 | D:3      | 2806 ||| DROPPING potion of degeneration.
  2848 | D:4      | 2848 ||| INVOKING Spit Poison.
  2853 | D:4      | 2853 ||| INVOKING Spit Poison.
  2860 | D:4      | 2860 ||| INVOKING Spit Poison.
  2861 | D:4      | 2861 ||| Stepping ~*~*~tactically~*~*~ (outnumbered).
  2865 | D:4      | 2865 ||| INVOKING Spit Poison.
  2870 | D:4      | Reached skill level 1 in Armour
  2870 | D:4      | 2870 ||| INVOKING Spit Poison.
  2874 | D:4      | 2874 ||| INVOKING Spit Poison.
  2878 | D:4      | HP: 13/58 [orc/+0 flail (4)]
  2879 | D:4      | 2879 ||| INVOKING Spit Poison.
  2945 | D:4      | 2945 ||| FLEEEEING.
  2946 | D:4      | 2946 ||| STAIRDANCE
  3117 | D:4      | 3117 ||| INVOKING Spit Poison.
  3120 | D:4      | 3120 ||| INVOKING Spit Poison.
  3125 | D:4      | 3125 ||| INVOKING Spit Poison.
  3211 | D:4      | 3211 ||| FLEEEEING.
  3212 | D:4      | 3212 ||| FLEEEEING.
  3213 | D:4      | 3213 ||| FLEEEEING.
  3215 | D:4      | 3215 ||| INVOKING Spit Poison.
  3221 | D:4      | 3221 ||| INVOKING Spit Poison.
  3259 | D:4      | 3259 ||| INVOKING Spit Poison.
  3271 | D:4      | 3271 ||| INVOKING Spit Poison.
  3298 | D:4      | 3298 ||| INVOKING Spit Poison.
  3303 | D:4      | 3303 ||| INVOKING Spit Poison.
  3307 | D:4      | Reached skill level 6 in Ranged Weapons
  3307 | D:4      | Reached XP level 7. HP: 57/66 MP: 5/7
  3307 | D:4      | 3307 ||| INVOKING Spit Poison.
  3359 | D:4      | 3359 ||| INVOKING Spit Poison.
  3360 | D:4      | 3360 ||| INVOKING Spit Poison.
  3404 | D:4      | 3404 ||| INVOKING Spit Poison.
  3409 | D:4      | 3409 ||| INVOKING Spit Poison.
  3413 | D:4      | 3413 ||| INVOKING Spit Poison.
  3570 | D:4      | Found a hazy altar of Hepliaklqana.
  3571 | D:4      | Found a stormy altar of Qazlal.
  3590 | D:4      | Found a runed translucent gate.
  3590 | D:4      | Found a runed translucent gate.
  3590 | D:4      | Found a runed translucent gate.
  3593 | D:4      | Noticed qw's ghost (amateur MiHu)
  3593 | D:4      | Noticed qw's ghost (amateur MiHu)
  3594 | D:4      | Noticed qw's ghost (amateur GrHu)
  3594 | D:4      | Noticed qw's ghost (amateur NaHu)
  3773 | D:4      | 3773 ||| UPGRADING to +2 ring mail of poison resistance.
  3783 | D:4      | 3783 ||| DROPPING +0 leather armour.
  3784 | D:4      | 3784 ||| UPGRADING to +2 leather armour of cold resistance.
  3794 | D:4      | 3794 ||| DROPPING +2 ring mail of poison resistance.
  3809 | D:5      | Entered Level 5 of the Dungeon
  3956 | D:5      | 3956 ||| INVOKING Spit Poison.
  3962 | D:5      | 3962 ||| INVOKING Spit Poison.
  4030 | D:5      | 4030 ||| INVOKING Spit Poison.
  4034 | D:5      | 4034 ||| INVOKING Spit Poison.
  4051 | D:5      | 4051 ||| INVOKING Spit Poison.
  4054 | D:5      | 4054 ||| INVOKING Spit Poison.
  4056 | D:5      | Reached skill level 7 in Ranged Weapons
  4083 | D:5      | 4083 ||| INVOKING Spit Poison.
  4162 | D:5      | 4162 ||| INVOKING Spit Poison.
  4166 | D:5      | 4166 ||| INVOKING Spit Poison.
  4183 | D:5      | 4183 ||| INVOKING Spit Poison.
  4271 | D:5      | 4271 ||| UPGRADING to +6 ring of dexterity.
  4272 | D:5      | 4272 ||| READING scroll labelled IHYCKE ZATOI.
  4273 | D:5      | 4273 ||| READING 4 scrolls of identify.
  4273 | D:5      | 4273 ||| IDENTIFYING ruby potion
  4274 | D:5      | 4274 ||| READING 3 scrolls of identify.
  4274 | D:5      | 4274 ||| IDENTIFYING sapphire potion
  4275 | D:5      | 4275 ||| READING 2 scrolls of identify.
  4275 | D:5      | 4275 ||| IDENTIFYING clear potion
  4297 | D:6      | 4297 ||| INVOKING Spit Poison.
  4302 | D:6      | Reached XP level 8. HP: 73/73 MP: 8/8
  4332 | D:6      | 4332 ||| INVOKING Spit Poison.
  4375 | D:6      | 4375 ||| INVOKING Spit Poison.
  4380 | D:6      | 4380 ||| INVOKING Spit Poison.
  4383 | D:6      | 4383 ||| INVOKING Spit Poison.
  4406 | D:6      | 4406 ||| INVOKING Spit Poison.
  4414 | D:6      | 4414 ||| INVOKING Spit Poison.
  4421 | D:6      | 4421 ||| INVOKING Spit Poison.
  4425 | D:6      | Reached skill level 8 in Ranged Weapons
  4448 | D:6      | 4448 ||| INVOKING Spit Poison.
  4455 | D:6      | Reached skill level 3 in Dodging
  4486 | D:6      | 4486 ||| INVOKING Spit Poison.
  4513 | D:6      | 4513 ||| SWAPPING to +0 orcbow.
  4514 | D:6      | 4514 ||| DROPPING +0 shortbow of draining.
  4571 | D:6      | Found a staircase to the Ecumenical Temple.
  4572 | D:6      | 4572 ||| PLANNING TEMPLE
  4577 | Temple   | Entered the Ecumenical Temple
  4745 | Temple   | 4745 ||| PLANNING OKAWARU WORSHIP
  4799 | Temple   | Became a worshipper of Warmaster Okawaru
  4799 | Temple   | 4799 ||| PLANNING D:1-11
  4800 | Temple   | 4800 ||| REMOVING amulet of guardian spirit.
  4805 | Temple   | 4805 ||| DROPPING amulet of guardian spirit.
  4952 | D:6      | 4952 ||| INVOKING Spit Poison.
  4956 | D:6      | 4956 ||| INVOKING Spit Poison.
  4988 | D:6      | 4988 ||| INVOKING Spit Poison.
  4991 | D:6      | Noticed a two-headed ogre
  4992 | D:6      | 4992 ||| INVOKING Spit Poison.
  4995 | D:6      | 4995 ||| INVOKING Spit Poison.
  4998 | D:6      | Killed a two-headed ogre
  4998 | D:6      | Reached * piety under Okawaru
  4999 | D:6      | Reached skill level 9 in Ranged Weapons
  4999 | D:6      | Reached XP level 9. HP: 37/81 MP: 9/9
  5175 | D:6      | 5175 ||| INVOKING Spit Poison.
  5223 | D:6      | Noticed Grinder
  5224 | D:6      | 5224 ||| INVOKING Heroism.
  5242 | D:6      | Killed Grinder
  5437 | D:6      | 5437 ||| INVOKING Spit Poison.
  5439 | D:6      | Reached skill level 1 in Invocations
  5440 | D:6      | 5440 ||| DRINKING 2 glowing brown potions.
  5441 | D:6      | 5441 ||| DRINKING 4 potions of curing.
  5441 | D:6      | 5441 ||| (to cure confusion)
  5442 | D:6      | 5442 ||| DROPPING potion of ambrosia.
  5456 | D:6      | 5456 ||| INVOKING Heroism.
  5457 | D:6      | 5457 ||| INVOKING Spit Poison.
  5458 | D:6      | 5458 ||| INVOKING Spit Poison.
  5504 | D:7      | 5504 ||| STAIRDANCE
  5509 | D:6      | 5509 ||| INVOKING Heroism.
  5645 | D:7      | Found a broken altar of Ashenzari.
  5659 | D:7      | 5659 ||| DRINKING 3 potions of curing.
  5659 | D:7      | 5659 ||| (to cure confusion)
  5660 | D:7      | 5660 ||| INVOKING Spit Poison.
  5666 | D:7      | 5666 ||| INVOKING Spit Poison.
  5677 | D:7      | Reached skill level 3 in Invocations
  5688 | D:7      | 5688 ||| UPGRADING to +2 cloak.
  5709 | D:7      | Reached skill level 6 in Fighting
  5829 | D:7      | 5829 ||| INVOKING Heroism.
  5835 | D:7      | 5835 ||| INVOKING Spit Poison.
  5839 | D:7      | 5839 ||| INVOKING Spit Poison.
  5893 | D:7      | Found a shimmering blue altar of Sif Muna.
  5937 | D:7      | 5937 ||| INVOKING Heroism.
  5940 | D:7      | 5940 ||| INVOKING Spit Poison.
  5943 | D:7      | Reached skill level 10 in Ranged Weapons
  5977 | D:7      | 5977 ||| INVOKING Spit Poison.
  5987 | D:7      | 5987 ||| INVOKING Heroism.
  5989 | D:7      | 5989 ||| INVOKING Spit Poison.
  5993 | D:7      | 5993 ||| INVOKING Spit Poison.
  6057 | D:7      | 6057 ||| INVOKING Spit Poison.
  6118 | D:7      | 6118 ||| INVOKING Spit Poison.
  6150 | D:7      | 6150 ||| READING scroll of enchant armour.
  6150 | D:7      | 6150 ||| ENCHANTING +0 pair of gloves.
  6310 | D:7      | 6310 ||| READING scroll labelled ULAAZXO FEHIX.
  6311 | D:7      | 6311 ||| READING scroll labelled COSIFO GOA.
  6312 | D:7      | 6312 ||| DRINKING 2 amethyst potions.
  6313 | D:7      | 6313 ||| DROPPING potion of brilliance.
  6334 | D:8      | 6334 ||| INVOKING Heroism.
  6335 | D:8      | 6335 ||| Stepping ~*~*~tactically~*~*~ (outnumbered).
  6350 | D:8      | 6350 ||| INVOKING Spit Poison.
  6352 | D:8      | 6352 ||| Stepping ~*~*~tactically~*~*~ (outnumbered).
  6354 | D:8      | 6354 ||| STAIRDANCE
  6427 | D:8      | 6427 ||| INVOKING Spit Poison.
  6428 | D:8      | 6428 ||| INVOKING Heroism.
  6432 | D:8      | 6432 ||| INVOKING Spit Poison.
  6435 | D:8      | Reached XP level 10. HP: 86/92 MP: 10/13
  6531 | D:8      | 6531 ||| INVOKING Spit Poison.
  6538 | D:8      | 6538 ||| INVOKING Spit Poison.
  6541 | D:8      | 6541 ||| INVOKING Spit Poison.
  6544 | D:8      | 6544 ||| INVOKING Heroism.
  6549 | D:8      | 6549 ||| INVOKING Spit Poison.
  6750 | D:8      | 6750 ||| INVOKING Heroism.
  6774 | D:8      | Noticed Prince Ribbit
  6776 | D:8      | 6776 ||| INVOKING Spit Poison.
  6777 | D:8      | Killed Prince Ribbit
  6781 | D:8      | 6781 ||| INVOKING Spit Poison.
  6807 | D:8      | Found a transporter.
  6809 | D:8      | Found Xehuqon's Book Emporium.
  6850 | D:8      | 6850 ||| INVOKING Spit Poison.
  6855 | D:8      | Reached skill level 11 in Ranged Weapons
  6856 | D:8      | 6856 ||| INVOKING Spit Poison.
  6859 | D:8      | Noticed qw's ghost (novice MiHu)
  6861 | D:8      | 6861 ||| INVOKING Spit Poison.
  6868 | D:8      | Found a bloodstained altar of Trog.
  6874 | D:8      | Noticed a moth of wrath
  6877 | D:8      | Found a transporter.
  6881 | D:8      | Found a transporter.
  6899 | D:8      | 6899 ||| INVOKING Heroism.
  6958 | D:8      | 6958 ||| INVOKING Spit Poison.
  6966 | D:8      | 6966 ||| INVOKING Spit Poison.
  6969 | D:8      | Reached skill level 3 in Armour
  6977 | D:8      | Found an ornate altar of the Wu Jian Council.
  7158 | D:8      | Found a transporter.
  7293 | D:8      | 7293 ||| READING 2 scrolls of identify.
  7293 | D:8      | 7293 ||| IDENTIFYING grey potion
  7294 | D:8      | 7294 ||| DROPPING potion of enlightenment.
  7309 | D:9      | Noticed a gargoyle
  7320 | D:9      | 7320 ||| STAIRDANCE
  7328 | D:8      | 7328 ||| INVOKING Heroism.
  7331 | D:8      | HP: 11/94 [gargoyle/+0 dire flail (14)]
  7332 | D:8      | 7332 ||| READING 4 scrolls of teleportation.
  7333 | D:8      | 7333 ||| DRINKING potion of heal wounds.
  7335 | D:8      | Killed a gargoyle
  7335 | D:8      | Reached ** piety under Okawaru
  7653 | D:9      | 7653 ||| INVOKING Spit Poison.
  7663 | D:9      | Noticed a two-headed ogre
  7664 | D:9      | 7664 ||| INVOKING Heroism.
  7665 | D:9      | 7665 ||| INVOKING Spit Poison.
  7674 | D:9      | 7674 ||| INVOKING Spit Poison.
  7676 | D:9      | Killed a two-headed ogre
  7745 | D:9      | Found a shadowy altar of Dithmenos.
  7757 | D:9      | 7757 ||| INVOKING Spit Poison.
  7760 | D:9      | 7760 ||| INVOKING Spit Poison.
  7765 | D:9      | 7765 ||| INVOKING Spit Poison.
  7802 | D:9      | 7802 ||| INVOKING Heroism.
  7805 | D:9      | 7805 ||| INVOKING Spit Poison.
  7809 | D:9      | 7809 ||| INVOKING Spit Poison.
  7978 | D:9      | Identified the +0 pair of boots "Halual" {Regen+ rCorr
                  | Str+5 Dex-3}
  8037 | D:9      | 8037 ||| INVOKING Spit Poison.
  8044 | D:9      | 8044 ||| INVOKING Spit Poison.
  8047 | D:9      | 8047 ||| INVOKING Spit Poison.
  8050 | D:9      | Found a white marble altar of Elyvilon.
  8119 | D:9      | 8119 ||| INVOKING Spit Poison.
  8121 | D:9      | 8121 ||| Stepping ~*~*~tactically~*~*~ (outnumbered).
  8122 | D:9      | 8122 ||| INVOKING Spit Poison.
  8126 | D:9      | 8126 ||| INVOKING Spit Poison.
  8234 | D:9      | 8234 ||| INVOKING Heroism.
  8238 | D:9      | 8238 ||| Stepping ~*~*~tactically~*~*~ (cloud).
  8241 | D:9      | 8241 ||| INVOKING Spit Poison.
  8258 | D:9      | Identified the +2 ring mail of the Moon {rElec}
  8301 | D:9      | Reached XP level 11. HP: 103/103 MP: 14/14
  8368 | D:10     | Entered Level 10 of the Dungeon
  8381 | D:10     | 8381 ||| INVOKING Spit Poison.
  8388 | D:10     | 8388 ||| INVOKING Heroism.
  8389 | D:10     | 8389 ||| INVOKING Spit Poison.
  8396 | D:10     | 8396 ||| Stepping ~*~*~tactically~*~*~ (outnumbered).
  8397 | D:10     | 8397 ||| Stepping ~*~*~tactically~*~*~ (outnumbered).
  8405 | D:10     | 8405 ||| INVOKING Heroism.
  8407 | D:10     | 8407 ||| INVOKING Spit Poison.
  8414 | D:10     | 8414 ||| INVOKING Spit Poison.
  8421 | D:10     | 8421 ||| INVOKING Spit Poison.
  8611 | D:10     | 8611 ||| INVOKING Spit Poison.
  8617 | D:10     | 8617 ||| INVOKING Spit Poison.
  8699 | D:10     | 8699 ||| INVOKING Heroism.
  8700 | D:10     | 8700 ||| INVOKING Spit Poison.
  8706 | D:10     | 8706 ||| INVOKING Spit Poison.
  8777 | D:10     | 8777 ||| INVOKING Spit Poison.
  8780 | D:10     | 8780 ||| INVOKING Spit Poison.
  8786 | D:10     | 8786 ||| INVOKING Spit Poison.
  8793 | D:10     | Reached skill level 12 in Ranged Weapons
  8793 | D:10     | 8793 ||| INVOKING Spit Poison.
  8797 | D:10     | 8797 ||| INVOKING Spit Poison.
  8801 | D:10     | 8801 ||| INVOKING Heroism.
  8803 | D:10     | 8803 ||| INVOKING Spit Poison.
  8805 | D:10     | Reached *** piety under Okawaru
  8927 | D:10     | Found a staircase to the Lair.
  8967 | D:10     | 8967 ||| INVOKING Spit Poison.
  8974 | D:10     | 8974 ||| INVOKING Spit Poison.
  8980 | D:10     | 8980 ||| INVOKING Spit Poison.
  8981 | D:10     | 8981 ||| INVOKING Heroism.
  8984 | D:10     | 8984 ||| INVOKING Spit Poison.
  8990 | D:10     | 8990 ||| INVOKING Spit Poison.
  8990 | D:10     | HP: 19/103 [yak (11)]
  8991 | D:10     | 8991 ||| READING 4 scrolls of teleportation.
  8993 | D:10     | HP: 9/103 [yak (3)]
  8994 | D:10     | HP: 1/103 [yak (8)]
  8994 | D:10     | Mangled by a yak

Levels and vault maps discovered:
D:1:      dpeg_arrival_arbitrary_a, layout_loops_ring
D:2:      layout_loops_ring, shapermc_ecumenical_altar_rom_forum,
          chequers_serial_rivers_micro_e, minmay_ruptured
D:3:      layout_basic, nicolae_gozag_seed_capital,
          grunt_temple_overflow_champion_of_chaos, uniq_crazy_yiuf_cottage,
          uniq_ijyb, uniq_sigmund
D:4:      layout_cave_pools, gammafunk_temple_overflow_statue,
          gammafunk_ghost_cemetery
D:5:      layout_rooms
D:6:      layout_loops_ring, minmay_temple_entry_fiery, uniq_grinder
D:7:      layout_rooms, mainiacjoe_overflow_24_doors, amcnicky_altar_gilded,
          lemuel_flamethrower_2
D:8:      layout_loops_ring, lemuel_doored_altar, serial_shops,
          nicolae_shop_drivethru, gammafunk_ghost_wrathful_warriors,
          uniq_prince_ribbit1
D:9:      layout_roguey, mainiacjoe_overflow_brackets,
          nicolae_dithmenos_shadow_blocks
D:10:     layout_cave_pools, david_lair_generic
Temple:   hc_temple_tempest_star

Skill      XL: |  1  2  3  4  5  6  7  8  9 10 11 |
---------------+----------------------------------+-----
Ranged Weapons | 4 5 6 7 9 10 11 12 | 12.4
Fighting       | 4 5 6 8 |  8.0
Armour         | 1 2 3 |  3.0
Dodging        | 2 3 4 5 |  5.8
Invocations    | 4 |  4.0
Stealth        | |  1.5

Action                     |  1- 3 |  4- 6 |  7- 9 | 10-12 || total
---------------------------+-------+-------+-------+-------++-------
   Fire: Shortbow          |    70 |   116 |    90 |       ||   276
         Orcbow            |       |       |   135 |   234 ||   369
 Invoke: Heroism           |       |       |     8 |    12 ||    20
Ability: Spit Poison       |    25 |    28 |    46 |    46 ||   145
    Use: Scroll            |     3 |     4 |     7 |     3 ||    17
         Potion            |     1 |     1 |     4 |     1 ||     7
 Armour: Leather armour    |    15 |    36 |    64 |    76 ||   191
  Dodge: Dodged            |    18 |    31 |    69 |   126 ||   244

Table legend:
 A = Non-vault XP
 B = Vault XP
 C = Vault XP percentage of total XP
 D = Non-vault monster count
 E = Vault monster count
 F = Vault count percentage of total count
                 A         B        C        D         E       F
            +---------+---------+-------+---------+---------+-------
      Total |   10690 |    1911 |  15.2 |     186 |      13 |   6.5
            +---------+---------+-------+---------+---------+-------
        D:1 |      39 |       0 |   0.0 |      22 |       0 |   0.0
        D:2 |      46 |       7 |  13.2 |      12 |       4 |  25.0
        D:3 |      44 |     312 |  87.6 |      13 |       3 |  18.8
        D:4 |     249 |       0 |   0.0 |      23 |       0 |   0.0
        D:5 |     442 |       0 |   0.0 |      10 |       0 |   0.0
        D:6 |    2017 |     286 |  12.4 |      25 |       1 |   3.8
        D:7 |    1160 |       0 |   0.0 |      20 |       0 |   0.0
        D:8 |    2108 |     268 |  11.3 |      19 |       1 |   5.0
        D:9 |    2298 |       0 |   0.0 |      21 |       0 |   0.0
       D:10 |    2287 |    1038 |  31.2 |      21 |       4 |  16.0
            +---------+---------+-------+---------+---------+-------
